| TOP OF THE 1ST |
|
South Bend Cubs batting - Pitching for West Virginia Power : RHP Nelson Villalva
|
|
Pitching: RHP Nelson Villalva
|
|
|
Batting: RHB Andy Huntley
|
0-0: Ball 1-0: Called Strike 1-1: Ball 2-1: Foul Ball, location: 2F 2-2: Ball 3-2: Base on Balls
|
|
Batting: RHB Hugo Torrez
|
0-0: Fly out, F8 (Flyball, 8RS, EV 83.1 MPH)
|
|
Batting: LHB Kwang-chih Men
|
Pickoff Throw to First - Out! 1-3 0-0: Called Strike 0-1: Ball 1-1: Ball 2-1: Swinging Strike 2-2: Ball 3-2: Ground out U3 (Groundball, 3, EV 106.2 MPH)
|
| Top of the 1st over - 0 runs, 0 hits, 0 errors, 0 left on base; South Bend 0 - West Virginia 0 |
| BOTTOM OF THE 1ST |
|
West Virginia Power batting - Pitching for South Bend Cubs : RHP Roberto Cruz
|
|
Pitching: RHP Roberto Cruz
|
|
|
Batting: RHB Terrence Wilson
|
0-0: Ground out 5-3 (Groundball, 56S, EV 86.2 MPH)
|
|
Batting: RHB Brandon White
|
0-0: Fly out, F8 (Flyball, 8LD, EV 86.2 MPH)
|
|
Batting: RHB Alain Marquet
|
0-0: Called Strike 0-1: SINGLE (Groundball, 56D, EV 105.6 MPH)
|
|
Batting: LHB Gregg Kellerman
|
0-0: Ball 1-0: Called Strike 1-1: Ball 2-1: Ground out 4-3 (Groundball, 4, EV 85.6 MPH)
|
| Bottom of the 1st over - 0 runs, 1 hit, 0 errors, 1 left on base; South Bend 0 - West Virginia 0 |
| TOP OF THE 2ND |
|
South Bend Cubs batting - Pitching for West Virginia Power : RHP Nelson Villalva
|
|
Batting: RHB Roy Battist
|
0-0: Ball 1-0: Fly out, F8 (Flyball, 89S, EV 79.4 MPH)
|
|
Batting: RHB Han-seung Hah
|
0-0: Ball 1-0: Swinging Strike 1-1: Ground out 5-3 (Groundball, 56, EV 81.2 MPH)
|
|
Batting: RHB Denis Rachin
|
0-0: Called Strike 0-1: Ball 1-1: Fly out, F8 (Flyball, 8RD, EV 104.4 MPH)
|
| Top of the 2nd over - 0 runs, 0 hits, 0 errors, 0 left on base; South Bend 0 - West Virginia 0 |
| BOTTOM OF THE 2ND |
|
West Virginia Power batting - Pitching for South Bend Cubs : RHP Roberto Cruz
|
|
Batting: RHB Jaime Dubicki
|
0-0: Called Strike 0-1: Foul Ball, location: 2F 0-2: Ground out 4-3 (Groundball, 4, EV 80.0 MPH)
|
|
Batting: RHB Chris Beckham
|
0-0: Ball 1-0: Swinging Strike 1-1: Ball 2-1: Ball 3-1: Base on Balls
|
|
Batting: RHB Killian Jones
|
0-0: Grounds into double play, 6-4-3 (Groundball, 6, EV 80.0 MPH)
|
| Bottom of the 2nd over - 0 runs, 0 hits, 0 errors, 0 left on base; South Bend 0 - West Virginia 0 |
| TOP OF THE 3RD |
|
South Bend Cubs batting - Pitching for West Virginia Power : RHP Nelson Villalva
|
|
Batting: RHB Dylan Burke
|
0-0: Called Strike 0-1: Ball 1-1: Fly out, F5 (Line Drive, 5L, EV 75.6 MPH)
|
|
Batting: RHB Juan Bonilla
|
0-0: Ball 1-0: Ball 2-0: Ground out 5-3 (Groundball, 56S, EV 90.0 MPH)
|
|
Batting: LHB Adam Conover
|
0-0: Called Strike 0-1: Called Strike 0-2: Ground out 5-3 (Groundball, 56, EV 97.5 MPH)
|
| Top of the 3rd over - 0 runs, 0 hits, 0 errors, 0 left on base; South Bend 0 - West Virginia 0 |
| BOTTOM OF THE 3RD |
|
West Virginia Power batting - Pitching for South Bend Cubs : RHP Roberto Cruz
|
|
Batting: RHB Perry Dominey
|
0-0: Ground out U3 (Groundball, 3, EV 80.0 MPH)
|
|
Batting: RHB Bob Raine
|
0-0: SINGLE (Flyball, 78S, EV 98.8 MPH) - OUT at second base trying to stretch hit.
|
|
Batting: RHB Terrence Wilson
|
0-0: Ball 1-0: Ball 2-0: Ball 3-0: Called Strike 3-1: Ground out 3-1 (Groundball, 34, EV 106.9 MPH)
|
| Bottom of the 3rd over - 0 runs, 1 hit, 0 errors, 0 left on base; South Bend 0 - West Virginia 0 |
| TOP OF THE 4TH |
|
South Bend Cubs batting - Pitching for West Virginia Power : RHP Nelson Villalva
|
|
Batting: RHB Andy Huntley
|
0-0: Ball 1-0: Called Strike 1-1: Foul Ball, location: 2F 1-2: Strikes out looking
|
|
Batting: RHB Hugo Torrez
|
0-0: Ball 1-0: Ground out 6-3 (Groundball, 56, EV 105.6 MPH)
|
|
Batting: LHB Kwang-chih Men
|
0-0: Called Strike 0-1: Foul Ball, location: 2F 0-2: Ball 1-2: Ground out 4-3 (Groundball, 34, EV 88.1 MPH)
|
| Top of the 4th over - 0 runs, 0 hits, 0 errors, 0 left on base; South Bend 0 - West Virginia 0 |
| BOTTOM OF THE 4TH |
|
West Virginia Power batting - Pitching for South Bend Cubs : RHP Roberto Cruz
|
|
Batting: RHB Brandon White
|
0-0: Called Strike 0-1: SINGLE (Groundball, 56S, EV 66.2 MPH) (infield hit)
|
|
Batting: RHB Alain Marquet
|
0-0: Ball 1-0: Swinging Strike 1-1: Ball 2-1: Foul Ball, location: 2F 2-2: Fielders Choice at 2nd, 5-4 (Groundball, 5, EV 89.4 MPH)
|
|
Batting: LHB Gregg Kellerman
|
0-0: Ball 1-0: Fielders Choice at 2nd, 1-6 (Groundball, 13S, EV 65.6 MPH)
|
|
Batting: RHB Jaime Dubicki
|
0-0: Foul Ball, location: 2F 0-1: Fielders Choice at 2nd, 5-4 (Groundball, 5, EV 106.2 MPH)
|
| Bottom of the 4th over - 0 runs, 1 hit, 0 errors, 1 left on base; South Bend 0 - West Virginia 0 |
| TOP OF THE 5TH |
|
South Bend Cubs batting - Pitching for West Virginia Power : RHP Nelson Villalva
|
|
Batting: RHB Roy Battist
|
0-0: Ball 1-0: Called Strike 1-1: Ground out 5-3 (Groundball, 56, EV 104.4 MPH)
|
|
Batting: RHB Han-seung Hah
|
0-0: Called Strike 0-1: Ball 1-1: Foul Ball, location: 2F 1-2: Strikes out swinging
|
|
Batting: RHB Denis Rachin
|
0-0: Ground out 5-3 (Groundball, 56S, EV 83.1 MPH)
|
| Top of the 5th over - 0 runs, 0 hits, 0 errors, 0 left on base; South Bend 0 - West Virginia 0 |
| BOTTOM OF THE 5TH |
|
West Virginia Power batting - Pitching for South Bend Cubs : RHP Roberto Cruz
|
|
Batting: RHB Chris Beckham
|
0-0: Ball 1-0: Ball 2-0: Foul Ball, location: 2F 2-1: Ground out U3 (Groundball, 23, EV 83.8 MPH)
|
|
Batting: RHB Killian Jones
|
0-0: Ball 1-0: Ball 2-0: Ball 3-0: Base on Balls
|
|
Batting: RHB Perry Dominey
|
0-0: Ball 1-0: Ball 2-0: Called Strike 2-1: Swinging Strike 2-2: Strikes out swinging
|
|
Batting: RHB Bob Raine
|
0-0: Called Strike 0-1: Ball 1-1: Ball 2-1: Fielders Choice at 2nd, 5-4 (Groundball, 56, EV 90.6 MPH)
|
| Bottom of the 5th over - 0 runs, 0 hits, 0 errors, 1 left on base; South Bend 0 - West Virginia 0 |
| TOP OF THE 6TH |
|
South Bend Cubs batting - Pitching for West Virginia Power : RHP Nelson Villalva
|
|
Batting: RHB Dylan Burke
|
0-0: Called Strike 0-1: Swinging Strike 0-2: SINGLE (Groundball, 6MD, EV 108.8 MPH)
|
|
Batting: RHB Juan Bonilla
|
0-0: Foul Ball, location: 2F 0-1: Ball 1-1: Ball 2-1: Fielders Choice at 2nd, 4-6 (Groundball, 4, EV 78.1 MPH)
|
|
Batting: LHB Adam Conover
|
0-0: Ball 1-0: Called Strike 1-1: Called Strike 1-2: Fly out, F4 (Popup, 34D, EV 65.6 MPH)
|
|
Batting: RHB Andy Huntley
|
0-0: Ball 1-0: Ground out U3 (Groundball, 3, EV 78.8 MPH)
|
| Top of the 6th over - 0 runs, 1 hit, 0 errors, 1 left on base; South Bend 0 - West Virginia 0 |
| BOTTOM OF THE 6TH |
|
West Virginia Power batting - Pitching for South Bend Cubs : RHP Roberto Cruz
|
|
Batting: RHB Terrence Wilson
|
0-0: Ball 1-0: DOUBLE (Line Drive, 78M, EV 110.0 MPH)
|
|
Batting: RHB Brandon White
|
0-0: SINGLE (Groundball, 4M, EV 104.4 MPH) Terrence Wilson to third
|
|
Batting: RHB Alain Marquet
|
0-0: Ball 1-0: Called Strike 1-1: Ball 2-1: Foul Ball, location: 2F 2-2: Foul Ball, location: 2F 2-2: Strikes out looking
|
|
Batting: LHB Gregg Kellerman
|
0-0: Ball 1-0: Ball 2-0: Called Strike 2-1: Called Strike 2-2: Foul Ball, location: 2F 2-2: Foul Ball, location: 2F 2-2: Foul Ball, location: 2F 2-2: Strikes out looking
|
|
Batting: RHB Jaime Dubicki
|
0-0: Ball 1-0: Ball 2-0: Swinging Strike 2-1: Ball 3-1: Foul Ball, location: 2F 3-2: Base on Balls Brandon White to second
|
|
Batting: RHB Chris Beckham
|
0-0: Ball 1-0: Swinging Strike 1-1: Foul Ball, location: 2F 1-2: Foul Ball, location: 2F 1-2: SINGLE (Groundball, 6MD, EV 105.6 MPH) Terrence Wilson scores Brandon White to third Jaime Dubicki to second Runner from 3rd tries for Home, SAFE, throw by CF to home
|
|
Pitching: RHP Trevor Woodbury
|
|
|
Batting: RHB Killian Jones
|
0-0: Ball 1-0: Foul Ball, location: 2F 1-1: Swinging Strike 1-2: Strikes out swinging
|
| Bottom of the 6th over - 2 runs, 3 hits, 0 errors, 2 left on base; South Bend 0 - West Virginia 2 |
| TOP OF THE 7TH |
|
South Bend Cubs batting - Pitching for West Virginia Power : RHP Nelson Villalva
|
|
Batting: RHB Hugo Torrez
|
0-0: Ball 1-0: Ball 2-0: Fly out, F8 (Flyball, 8RS, EV 90.0 MPH)
|
|
Batting: LHB Kwang-chih Men
|
0-0: Ball 1-0: Ball 2-0: Ball 3-0: Ground out 5-3 (Groundball, 6, EV 101.9 MPH)
|
|
Batting: RHB Roy Battist
|
0-0: Fly out, F7 (Flyball, 7LM, EV 85.6 MPH)
|
| Top of the 7th over - 0 runs, 0 hits, 0 errors, 0 left on base; South Bend 0 - West Virginia 2 |
| BOTTOM OF THE 7TH |
|
West Virginia Power batting - Pitching for South Bend Cubs : RHP Trevor Woodbury
|
|
Batting: RHB Perry Dominey
|
0-0: Ball 1-0: Called Strike 1-1: Swinging Strike 1-2: SOLO HOME RUN (Flyball, 9D, EV 98.1 MPH), Distance : 375 ft
|
|
Batting: RHB Bob Raine
|
0-0: Ball 1-0: Ball 2-0: Ground out 4-3 (Groundball, 4, EV 106.2 MPH)
|
|
Batting: RHB Terrence Wilson
|
0-0: Ball 1-0: Foul Ball, location: 2F 1-1: Ball 2-1: Foul Ball, location: 2F 2-2: Ball 3-2: Base on Balls
|
|
Batting: RHB Brandon White
|
0-0: Called Strike 0-1: Called Strike 0-2: Foul Ball, location: 2F 0-2: Foul Ball, location: 2F 0-2: Strikes out swinging
|
|
Batting: RHB Alain Marquet
|
0-0: Ball Terrence Wilson steals 2nd base 1-0: Ball 2-0: Foul Ball, location: 2F 2-1: Ground out 5-3 (Groundball, 56S, EV 76.9 MPH)
|
| Bottom of the 7th over - 1 run, 1 hit, 0 errors, 1 left on base; South Bend 0 - West Virginia 3 |
| TOP OF THE 8TH |
|
South Bend Cubs batting - Pitching for West Virginia Power : RHP Nelson Villalva
|
|
Now at 3B: John DeVillier
|
|
|
Now at SS: Alain Marquet
|
|
|
Now in LF: Dave Fredericks
|
|
|
Now in RF: Perry Dominey
|
|
|
Batting: RHB Han-seung Hah
|
0-0: Ball 1-0: Called Strike 1-1: Ball 2-1: SINGLE (Groundball, 6MD, EV 98.1 MPH)
|
|
Batting: RHB Denis Rachin
|
0-0: Fielders Choice at 2nd, 6-4 (Groundball, 6, EV 81.9 MPH)
|
|
Batting: RHB Dylan Burke
|
0-0: Ball 1-0: SINGLE (Groundball, 34D, EV 98.1 MPH) Denis Rachin to second Runner from 2nd tries for 3rd, SAFE, throw by RF made to third
|
|
Batting: RHB Juan Bonilla
|
0-0: Ball 1-0: Ball 2-0: Called Strike 2-1: Ball 3-1: Fly out, F7 (Flyball, 7LS, EV 79.4 MPH)
|
|
Batting: LHB Adam Conover
|
0-0: Fly out, F9 (Flyball, 9D, EV 85.6 MPH)
|
| Top of the 8th over - 0 runs, 2 hits, 0 errors, 2 left on base; South Bend 0 - West Virginia 3 |
| BOTTOM OF THE 8TH |
|
West Virginia Power batting - Pitching for South Bend Cubs : RHP Trevor Woodbury
|
|
Pitching: RHP Angel Pesina
|
|
|
Batting: LHB Gregg Kellerman
|
0-0: Ball 1-0: Fly out, F7 (Flyball, 7LM, EV 88.1 MPH)
|
|
Batting: RHB Dave Fredericks
|
0-0: Ball 1-0: Reached on error, E6 (Groundball, 6, EV 93.8 MPH)
|
|
Batting: RHB Chris Beckham
|
0-0: Foul Ball, location: 2F 0-1: Ball 1-1: Ground out 1-3 (Groundball, 13, EV 76.2 MPH) Dave Fredericks to third
|
|
Batting: RHB Killian Jones
|
0-0: Ball 1-0: Ball 2-0: Ball 3-0: Called Strike 3-1: Ground out 5-3 (Groundball, 5, EV 88.1 MPH)
|
| Bottom of the 8th over - 0 runs, 0 hits, 1 error, 1 left on base; South Bend 0 - West Virginia 3 |
| TOP OF THE 9TH |
|
South Bend Cubs batting - Pitching for West Virginia Power : RHP Nelson Villalva
|
|
Pitching: RHP Joel Olausson
|
|
|
Batting: RHB Andy Huntley
|
0-0: Called Strike 0-1: Foul Ball, location: 2F 0-2: Strikes out swinging
|
|
Batting: RHB Hugo Torrez
|
0-0: Ball 1-0: Foul Ball, location: 2F 1-1: Ball 2-1: Foul Ball, location: 2F 2-2: Ground out 6-3 (Groundball, 6, EV 110.6 MPH)
|
|
Batting: LHB Kwang-chih Men
|
0-0: Called Strike 0-1: Called Strike 0-2: SINGLE (Groundball, 34D, EV 105.6 MPH)
|
|
Batting: RHB Roy Battist
|
0-0: Ball 1-0: Ball 2-0: Ball 3-0: Foul Ball, location: 2F 3-1: Base on Balls Kwang-chih Men to second
|
|
Batting: RHB Han-seung Hah
|
0-0: Called Strike 0-1: Ball 1-1: Ball 2-1: Swinging Strike 2-2: Foul Ball, location: 2F 2-2: Strikes out swinging
|
| Top of the 9th over - 0 runs, 1 hit, 0 errors, 2 left on base; South Bend 0 - West Virginia 3 |
|